 Dungeon Crawl Stone Soup version 0.31.0-11-ge490571c62 (webtiles) character file.

Game seed: 1323173859161986018

80298 solopath the Brawler (level 15, -6/112 HPs)
             Began as a Demonspawn Shapeshifter on Feb 3, 2024.
             Was the Champion of Jiyva.
             Mangled by an orc knight
             ... wielding a +0 glaive
              (19 damage)
             ... on level 2 of the Orcish Mines.
             The game lasted 00:42:49 (21978 turns).

solopath the Brawler (Demonspawn Shapeshifter)     Turns: 21978, Time: 00:42:49

Health: -6/112     AC:  8    Str: 22    XL:     15   Next: 23%
Magic:  0/23       EV: 15    Int: 10    God:    Jiyva [******]
Gold:   1975       SH:  0    Dex: 13    Spells: 21/25 levels left

rFire   . .          .
                       - Unarmed
rCold   + . .        (no shield)
rNeg    . . .        b - +3 troll leather armour
rPois   .            (helmet currently unavailable)
rElec   .            (cloak unavailable)
rCorr   +            (gloves currently unavailable)
SInv    +            (boots currently unavailable)
Will    +....        f - amulet of magic regeneration
Stlth   ++           G - +4 ring of slaying
HPRegen 2.78/turn    J - ring of see invisible
MPRegen 1.56/turn

%: guardian spirit
@: lethally poisoned (-6 -> -14), beast-form, studying Shapeshifting
A: beast (slay +4), icy blue scales 3, foul stench 1, magic shield, magic
regeneration, magic link, weakness stinger 3, horns 2, wild magic 2, eyeballs 1,
pseudopods 3, translucent skin 3
a: Begin Untransformation, Renounce Religion, Oozemancy, Slimify


You were on level 2 of the Orcish Mines.
You worshipped Jiyva.
Jiyva was exalted by your worship.
You were a hulking beast.
You visited 4 branches of the dungeon, and saw 23 of its levels.
You also visited: Ossuary, Bailey, Gauntlet and Volcano.

You collected 1975 gold pieces.

Inventory:

Missiles
 v - 9 javelins
Armour
 b - a +3 troll leather armour (worn)
 O - the +2 pair of boots of Tenacity {rC- Regen+ Dex+2}
   (You found it on level 2 of the Lair of Beasts)

   Dex+2:     It affects your dexterity (+2).
   rC-:       It makes you vulnerable to cold.
   Regen+:    It increases your rate of health regeneration.
Jewellery
 f - an amulet of magic regeneration (around neck)
 g - a ring of magical power
 G - a +4 ring of slaying (left hand)
 I - a +4 ring of protection
 J - a ring of see invisible (right hand)
 N - a ring of protection from cold
 S - a ring of flight
 V - a +6 ring of intelligence
Talismans
 c - a beast talisman
 d - a flux talisman
Wands
 n - a wand of roots (33)
 w - a wand of charming (35)
 y - a wand of flame (41)
 B - a wand of polymorph (7)
 D - a wand of mindburst (38)
 K - a wand of light (15)
 X - a wand of digging (5)
Scrolls
 a - a scroll of enchant weapon
 i - 16 scrolls of teleportation
 j - 5 scrolls of fog
 q - 2 scrolls of amnesia
 u - 6 scrolls of enchant armour
 A - 2 scrolls of poison
 L - a scroll of butterflies
 M - 5 scrolls of identify
 Q - 3 scrolls of blinking
 W - 4 scrolls of revelation
 Y - a scroll of torment
 Z - a scroll of vulnerability
Potions
 e - 6 potions of attraction
 h - 5 potions of cancellation
 k - 2 potions of invisibility
 m - 5 potions of curing
 p - 2 potions of haste
 r - 2 potions of berserk rage
 s - 6 potions of mutation
 t - 5 potions of might
 x - 3 potions of heal wounds
 z - 3 potions of ambrosia
 H - 5 potions of enlightenment
 P - 2 potions of magic
Miscellaneous
 l - a phial of floods
 F - a condenser vane
 U - a lightning rod (4/4)


   Skills:
 + Level 8.8 Fighting
 - Level 8.0 Dodging
 * Level 17.7 Unarmed Combat
 - Level 5.6 Spellcasting
 + Level 1.6 Translocations
 - Level 4.0 Evocations
 + Level 12.8 Shapeshifting


You had 21 spell levels left.
You knew the following spells:

 Your Spells              Type           Power      Damage    Failure   Level
a - Manifold Assault      Tloc           9%         N/A       88%         4

Your spell library contained the following spells:

 Spells                   Type           Power      Damage    Failure   Level
 Foxfire                  Conj/Fire      16%        2x1d4     43%         1
 Ensorcelled Hibernation  Hex/Ice        8%         N/A       54%         2
 Call Canine Familiar     Summ           4%         N/A       75%         3
 Fugue of the Fallen      Necr           4%         N/A       75%         3
 Ozocubu's Armour         Ice            4%         N/A       75%         3
 Sigil of Binding         Hex            4%         N/A       75%         3
 Dimensional Bullseye     Hex/Tloc       3%         N/A       95%         4
 Anguish                  Hex/Necr       2%         N/A       98%         4
 Animate Dead             Necr           4%         N/A       98%         4
 Borgnjor's Vile Clutch   Necr/Erth      2%         N/A       100%        5
 Summon Forest            Summ/Tloc      3%         N/A       100%        5
 Summon Mana Viper        Hex/Summ       4%         N/A       100%        5
 Death Channel            Necr           2%         N/A       100%        6
 Dispersal                Tloc           4%         N/A       100%        6
 Plasma Beam              Fire/Air       2%         2x1d12    100%        6
 Starburst                Conj/Fire      2%         6d3       100%        6
 Summon Cactus Giant      Summ           2%         N/A       100%        6
 Disjunction              Tloc           4%         N/A       100%        8


Dungeon Overview and Level Annotations

Branches:
Dungeon (15/15)            Temple (1/1) D:6            Lair (5/5) D:10
 Shoals (0/4) Lair:3        Snake (0/4) Lair:3        Slime (0/5) Lair:4
    Orc (2/2) D:9          Vaults (0/5) D:14         Depths (0/4) D:15
Ossuary (visited)          Bailey (visited)         Volcano (visited)
Gauntlet (visited)
    Elf: Orc:2

Altars:
Ashenzari
Cheibriados
Dithmenos
Fedhas
Gozag
Hepliaklqana
Kikubaaqudgha
Makhleb
Nemelex Xobeh
Okawaru
Qazlal
Ru
Sif Muna
Trog
Uskayaw
Vehumet
Wu Jian
Xom
Yredelemnul
Jiyva

Shops:
D:14 :   Orc:1 :   Orc:2 =

Portals:
Trove: D:13 (give 2 scrolls of acquirement)

Annotations:
D:2 1 runed translucent door, Crazy Yiuf
D:5 3 runed translucent doors, MadMike78's ghost, amateur GnWn
Orc:2 Nessos


Innate Abilities, Weirdness & Mutations

You are a hulking beast.
Your limbs bulge with bestial killing power. (Slay +4)
You are completely covered in icy blue scales. (AC +4, rC+)
You may rarely emit foul miasma when damaged in melee.
When hurt, damage is shared between your health and your magic reserves.
You regenerate magic rapidly.
When low on magic, you restore magic in place of health.
You have a sharp stinger which inflicts weakening toxins.
You have a pair of horns on your head.
Your spells are harder to cast, but more powerful.
Your body has grown eyes which may confuse attackers. (Acc +3)
Armour fits poorly on your massive pseudopods.
Your transparent skin significantly reduces your foes' accuracy. (Stealth+)


Message History

The orc misses you. The orc knight barely misses you.
You pummel the orc warrior!! You tail-slap the orc warrior.
The orc warrior looks weaker.
The orc warrior is severely wounded.
You feel sick.
Nessos casts a spell.
Nessos blinks!
The orc warrior hits you with a +0 flail.
The eyeballs on your body gaze at the orc warrior.
The orc wizard closely misses you. The orc closely misses you.
The orc knight hits you from afar with a +0 glaive!
You hit the orc warrior but do no damage.
You tail-slap the orc warrior.
The orc warrior looks even weaker.
Your bludgeon misses the orc warrior.
The orc warrior is almost dead.
You feel sick.
Unknown command.
You punch the orc warrior!
You kill the orc warrior!
You feel sick. The orc knight closely misses you.
An orc priest comes into view. It is wielding a +0 mace.
The orc wizard barely misses you. The orc completely misses you.
Nessos stands on their hind legs for a moment.
Nessos wields a +2 longbow of flaming.
It bursts into flame!
Nessos shoots an arrow.
The arrow hits you!
* * * LOW HITPOINT WARNING * * *
The arrow burns you.
You are more poisoned.
* * * LOW HITPOINT WARNING * * *
Unknown command.
You feel very sick.
Nessos stands on their hind legs for a moment.
Nessos shoots an arrow.
The arrow hits you!
* * * LOW HITPOINT WARNING * * *
The arrow burns you.
You are more poisoned.
* * * LOW HITPOINT WARNING * * *
You hear a distant slurping noise.
The orc knight hits you from afar with a +0 glaive!!
You die...

##....# .# #####....##...
.#### ##.##....###..#
..#.#### #....#....#...#
....#.###.........#....
#.....###.............
##.#.......#.....##.#....
#......oo...........#....
#.....§.h..#.............
......#☼.)..c.......#.#..
.......o.........#.......
...........#.............
.....P..................#
...P.....................
P..8...P.................
P..∩.oPP..#.............
..............


You could see Nessos (fast), an orc knight, an orc priest (wandering, strong),
an orc wizard (strong, invisible) and an orc (strong).

Vanquished Creatures
  A minotaur (Gauntlet)
  3 dire elephants
  Snorg (Orc:1)
  2 vault guards (Bailey)
  2 hydras
  An ogre mage (D:13)
  14 two-headed ogres
  5 centaur warriors
  2 boulder beetles
  6 death yaks (Lair:5)
  A spectral dire elephant (Lair:5)
  Urug (D:13)
  A salamander mystic (D:15)
  A skyshark (Lair:3)
  A spectral death yak (Lair:5)
  A spectral anaconda (Lair:5)
  3 lindwurms
  3 necromancers (Lair:5)
  An orc knight (Orc:2)
  An obsidian statue (Lair:5)
  5 deep elf pyromancers
  An oklob plant (Lair:3)
  6 cyclopes
  2 manticores
  A black mamba (shapeshifter) (D:14)
  A moth of wrath (Gauntlet)
  A dire elephant zombie (Lair:5)
  16 elephants
  An apocalypse crab (Gauntlet)
  3 black mambas
  A water nymph (D:15)
  8 cane toads
  3 molten gargoyles (Volcano)
  3 rime drakes
  2 freezing wraiths
  5 efreet
  5 komodo dragons
  An unseen horror (D:12)
  6 trolls
  An ice devil (Gauntlet)
  2 polar bears
  Prince Ribbit (Bailey)
  10 dream sheep
  A slime creature (D:7)
  A wraith (D:14)
  A dire elephant simulacrum (Lair:5)
  8 humans (Bailey)
  7 wyverns
  60 yaks
  4 steam dragons
  Grum (Lair:1)
  2 fire elementals (Volcano)
  A basilisk (D:10)
  A redback (shapeshifter) (D:15)
  2 nagas (Lair:3)
  A spectral cane toad (Lair:5)
  2 hell hounds (D:10)
  Edmund (D:6)
  7 acid dragons
  21 water moccasins
  14 orc warriors
  2 elephant zombies (D:6)
  2 ice beasts
  2 sky beasts
  A laughing skull (D:13)
  2 black bears
  5 ogres
  19 wolves
  2 elephant skeletons (Lair:5)
  21 centaurs
  2 phantoms (D:6)
  3 elf zombies (Ossuary)
  A kobold brigand (D:9)
  24 bullfrogs
  A cane toad simulacrum (Lair:5)
  3 earth elementals (Volcano)
  2 scorpions
  6 killer bees
  9 howler monkeys
  A spectral bullfrog (Ossuary)
  A bombardier beetle (D:7)
  A centaur zombie (Ossuary)
  3 jellies
  A gnoll bouda (D:3)
  3 hounds
  6 human zombies
  4 orc priests
  2 sleepcaps
  Ijyb (D:3)
  Terence (D:3)
  3 iguanas
  3 scorpion zombies (D:6)
  8 orc wizards
  3 hell rats (Lair:3)
  A killer bee zombie (D:6)
  2 crocodile zombies (Ossuary)
  2 spectral hounds (Ossuary)
  2 hound zombies (D:6)
  4 mummies
  9 gnolls
  5 adders
  7 river rats (Lair:3)
  A hound simulacrum (Ossuary)
  5 white imps
  4 ufetubi
  3 spectral adders (Ossuary)
  4 adder zombies (D:6)
  3 dart slugs (D:2)
  A ribbon worm (D:2)
  5 adder simulacra (Ossuary)
  64 orcs
  8 bats
  6 endoplasms
  4 giant cockroaches
  5 gnoll zombies (Ossuary)
  10 goblins
  8 hobgoblins
  5 quokkas
  5 ball pythons
  4 frilled lizards
  A gnoll simulacrum (Ossuary)
  A jackal simulacrum (Ossuary)
  7 kobolds
  4 kobold zombies (Ossuary)
  7 orc zombies (Ossuary)
  9 rats
  4 spectral jackals (Ossuary)
629 creatures vanquished.

Vanquished Creatures (collateral kills)
  An ice dragon (D:14)
  A kobold blastminer (Orc:1)
  A laughing skull (D:13)
  A centaur (D:13)
4 creatures vanquished.

Vanquished Creatures (others)
  A yak (Lair:5)
  A water moccasin (Lair:3)
  A centaur (D:14)
  3 vampire bats (D:14)
  22 jellies
  2 orc priests
  An orc wizard (Orc:2)
  A spectral gnoll (Ossuary)
  5 orcs
  2 bat skeletons (D:14)
  3 bat zombies (D:14)
  A spectral jackal (Ossuary)
43 creatures vanquished.

Grand Total: 676 creatures vanquished

Notes
Turn   | Place    | Note
-------+----------+-------------------------------------------
     0 | D:1      | solopath the Demonspawn Shapeshifter began the quest for
                  | the Orb.
     0 | D:1      | Reached XP level 1. HP: 15/15 MP: 1/1
    57 | D:1      | Reached skill level 3 in Unarmed Combat
    60 | D:1      | Gained mutation: You regenerate magic rapidly. [demonic
                  | ancestry]
    60 | D:1      | Reached XP level 2. HP: 16/21 MP: 2/2
   640 | D:2      | Gained mutation: You are partially covered in icy blue
                  | scales. (AC +2) [demonic ancestry]
   640 | D:2      | Reached XP level 3. HP: 11/26 MP: 3/3
   892 | D:2      | Reached XP level 4. HP: 20/33 MP: 4/4
  1261 | D:2      | Found a runed translucent door.
  1262 | D:2      | Noticed Crazy Yiuf
  1572 | D:3      | Noticed a scorpion
  1587 | D:3      | Killed a scorpion
  1588 | D:3      | Reached skill level 4 in Unarmed Combat
  1588 | D:3      | Gained mutation: When hurt, damage is shared between your
                  | health and your magic reserves. [demonic ancestry]
  1588 | D:3      | Reached XP level 5. HP: 17/39 MP: 5/5
  1946 | D:3      | Noticed Terence
  1958 | D:3      | Killed Terence
  2017 | D:3      | Noticed an ogre
  2025 | D:3      | Killed an ogre
  2074 | D:3      | Noticed Ijyb
  2101 | D:3      | Killed Ijyb
  2102 | D:3      | Gained mutation: You have a small tail. [demonic ancestry]
  2102 | D:3      | Reached XP level 6. HP: 38/47 MP: 6/6
  2442 | D:4      | Reached skill level 5 in Unarmed Combat
  2445 | D:4      | Found a snail-covered altar of Cheibriados.
  2765 | D:4      | Gained mutation: You are mostly covered in icy blue scales.
                  | (AC +3) [demonic ancestry]
  2765 | D:4      | Reached XP level 7. HP: 30/52 MP: 7/7
  2874 | D:4      | Found a sand-covered staircase.
  2884 | Ossuary  | Entered an ossuary
  3119 | Ossuary  | Reached skill level 6 in Unarmed Combat
  3276 | Ossuary  | Gained mutation: You have a tail ending in a sharp stinger.
                  | [demonic ancestry]
  3276 | Ossuary  | Reached XP level 8. HP: 25/61 MP: 8/8
  3802 | D:4      | Found an ancient bone altar of Kikubaaqudgha.
  3821 | D:4      | Reached skill level 5 in Fighting
  3821 | D:4      | Reached skill level 7 in Unarmed Combat
  3821 | D:4      | Reached skill level 5 in Shapeshifting
  3955 | D:5      | Entered Level 5 of the Dungeon
  4217 | D:5      | Learned a level 4 spell: Manifold Assault
  4333 | D:5      | Found a runed translucent gate.
  4333 | D:5      | Found a runed translucent gate.
  4333 | D:5      | Found a runed translucent gate.
  4334 | D:5      | Found an opulent altar of Gozag.
  4335 | D:5      | Noticed MadMike78's ghost (amateur GnWn)
  4957 | D:6      | Reached skill level 8 in Unarmed Combat
  5149 | D:6      | Found a staircase to the Ecumenical Temple.
  5181 | D:6      | Gained mutation: You have a sharp stinger which inflicts
                  | weakening toxins. [demonic ancestry]
  5181 | D:6      | Reached XP level 9. HP: 61/68 MP: 9/9
  5217 | D:6      | Found a sparkling altar of Nemelex Xobeh.
  5291 | D:6      | Found a basalt altar of Yredelemnul.
  5712 | Temple   | Entered the Ecumenical Temple
  5742 | D:6      | Found a basalt altar of Yredelemnul.
  5742 | D:6      | Noticed Edmund
  5753 | D:6      | Killed Edmund
  5754 | D:6      | Noticed a profane servitor
  5772 | D:6      | Noticed an angel
  5782 | D:6      | Found the +6 shillelagh "Devastator" {shatter}
  5802 | D:6      | Reached skill level 9 in Unarmed Combat
  5934 | D:7      | Identified the flux talisman of Fortitude {Will- Str+4
                  | SInv}
  6613 | D:7      | Reached skill level 1 in Spellcasting
  6873 | D:8      | Gained mutation: When low on magic, you restore magic in
                  | place of health. [demonic ancestry]
  6873 | D:8      | Reached XP level 10. HP: 60/74 MP: 9/11
  7112 | D:8      | Found a flagged portal.
  7140 | Bailey   | Entered a bailey
  7159 | Bailey   | Reached skill level 5 in Dodging
  7212 | Bailey   | Reached skill level 10 in Unarmed Combat
  7507 | Bailey   | Noticed Prince Ribbit
  7631 | Bailey   | Killed Prince Ribbit
  7633 | Bailey   | Noticed a vault guard
  7653 | Bailey   | Killed a vault guard
  7800 | Bailey   | Noticed a vault guard
  7824 | Bailey   | Killed a vault guard
  7825 | Bailey   | Reached skill level 11 in Unarmed Combat
  7825 | Bailey   | Reached skill level 1 in Evocations
  8831 | D:9      | Reached XP level 11. HP: 58/79 MP: 10/15
  9105 | D:9      | Noticed a two-headed ogre
  9113 | D:9      | Killed a two-headed ogre
  9286 | D:9      | Noticed a two-headed ogre
  9305 | D:9      | Killed a two-headed ogre
  9608 | D:9      | Found a staircase to the Orcish Mines.
  9985 | D:10     | Entered Level 10 of the Dungeon
 10431 | D:10     | Reached skill level 12 in Unarmed Combat
 10449 | D:10     | Found a staircase to the Lair.
 10550 | D:10     | Found an iron altar of Okawaru.
 10664 | D:10     | Noticed a two-headed ogre
 10664 | D:10     | Noticed a two-headed ogre
 10673 | D:10     | Killed a two-headed ogre
 10678 | D:10     | Killed a two-headed ogre
 11050 | Lair:1   | Entered Level 1 of the Lair of Beasts
 11111 | Lair:1   | Reached skill level 13 in Unarmed Combat
 11118 | Lair:1   | Gained mutation: You may rarely emit foul miasma when
                  | damaged in melee. [demonic ancestry]
 11118 | Lair:1   | Reached XP level 12. HP: 70/86 MP: 14/16
 11191 | Lair:1   | Noticed Grum
 11218 | Lair:1   | Killed Grum
 11267 | Lair:1   | Found a dark tunnel.
 11277 | Volcano  | Entered a volcano
 11493 | Volcano  | HP: 3/86 [fire elemental (6)]
 11976 | Lair:1   | Reached skill level 14 in Unarmed Combat
 12618 | Lair:2   | Identified the +2 pair of boots of Tenacity {rC- Regen+
                  | Dex+2}
 12816 | Lair:3   | Found the +3 giant club "Skullcrusher" {speed, Str+7}
 12834 | Lair:3   | Found a staircase to the Shoals.
 12850 | Lair:3   | Found a gate leading to a gauntlet.
 12872 | Gauntlet | Entered a Gauntlet
 12872 | Gauntlet | Found a transporter.
 12892 | Gauntlet | Found a transporter.
 12899 | Gauntlet | Found a transporter.
 12906 | Gauntlet | Found a transporter.
 12952 | Gauntlet | Found a transporter.
 12953 | Gauntlet | Found a transporter.
 12973 | Gauntlet | Found a transporter.
 13018 | Gauntlet | Found the crystal ball of Wucad Mu {*channel}
 13019 | Gauntlet | Found a transporter.
 13019 | Gauntlet | Found a transporter.
 13019 | Gauntlet | Found a transporter.
 13019 | Gauntlet | Noticed a catoblepas
 13053 | Gauntlet | Identified the +1 quick blade "Qyenuaf" {spect, rC+ Dex+3}
 13053 | Gauntlet | Noticed a minotaur
 13059 | Gauntlet | Killed a minotaur
 13060 | Gauntlet | Reached skill level 10 in Shapeshifting
 13276 | Lair:3   | Noticed a five-headed hydra
 13284 | Lair:3   | Killed a five-headed hydra
 13285 | Lair:3   | Reached XP level 13. HP: 91/93 MP: 17/17
 13439 | Lair:5   | Entered Level 5 of the Lair of Beasts
 13653 | Lair:4   | Reached skill level 15 in Unarmed Combat
 14072 | Lair:4   | Found a viscous altar of Jiyva.
 14072 | Lair:4   | Found a staircase to the Slime Pits.
 14081 | Lair:4   | Became a worshipper of Jiyva Jedwos the Shapeless
 14504 | Lair:2   | Reached * piety under Jiyva
 14709 | Lair:2   | Identified the +0 kite shield of Izufosuh {Harm Rampage
                  | rC++ Dex-2}
 14924 | Lair:2   | Reached ** piety under Jiyva
 15181 | Lair:3   | Found a staircase to the Snake Pit.
 16182 | Lair:5   | Reached *** piety under Jiyva
 16327 | Lair:5   | Gained mutation: You have a pair of small horns on your
                  | head. [Jiyva's grace]
 16327 | Lair:5   | Gained mutation: You have a pair of horns on your head.
                  | [Jiyva's grace]
 16327 | Lair:5   | Gained mutation: You have a pair of large horns on your
                  | head. [Jiyva's grace]
 16327 | Lair:5   | Gained mutation: Armour fits poorly on your pseudopods.
                  | [Jiyva's grace]
 16485 | Lair:5   | Reached **** piety under Jiyva
 16521 | Lair:5   | Reached XP level 14. HP: 98/104 MP: 16/18
 16629 | Lair:5   | Reached skill level 16 in Unarmed Combat
 16957 | Lair:5   | Identified a scroll of acquirement
 16959 | Lair:5   | Acquired a manual of Shapeshifting
 17565 | D:11     | You fall into a shaft and drop 1 floor!
 17859 | D:12     | Reached ***** piety under Jiyva
 18028 | D:12     | Lost mutation: You have a pair of large horns on your head.
                  | [Jiyva's grace]
 18028 | D:12     | Gained mutation: Armour fits poorly on your large
                  | pseudopods. [Jiyva's grace]
 18028 | D:12     | Gained mutation: Armour fits poorly on your massive
                  | pseudopods. [Jiyva's grace]
 18028 | D:12     | Gained mutation: Your spells are a little harder to cast,
                  | but a little more powerful. [Jiyva's grace]
 18028 | D:12     | Gained mutation: Your spells are harder to cast, but more
                  | powerful. [Jiyva's grace]
 19239 | D:13     | Reached skill level 17 in Unarmed Combat
 19243 | D:13     | Noticed Urug
 19253 | D:13     | Killed Urug
 19314 | D:13     | Found a portal to a secret trove of treasure.
 19588 | D:14     | Found Ymepyit's Book Emporium.
 19714 | D:14     | Reached ****** piety under Jiyva
 19721 | D:14     | Reached skill level 5 in Spellcasting
 20022 | D:14     | Found a gate to the Vaults.
 20030 | D:14     | Gained mutation: You are completely covered in icy blue
                  | scales. (AC +4, rC+) [demonic ancestry]
 20030 | D:14     | Reached XP level 15. HP: 71/112 MP: 23/23
 20469 | D:14     | Found an ancient bone altar of Kikubaaqudgha.
 20512 | D:15     | Entered Level 15 of the Dungeon
 20805 | D:15     | Gained mutation: Your translucent skin slightly reduces
                  | your foes' accuracy. (Stealth+) [Jiyva's grace]
 20805 | D:15     | Gained mutation: Your translucent skin reduces your foes'
                  | accuracy. (Stealth+) [Jiyva's grace]
 20805 | D:15     | Gained mutation: Your transparent skin significantly
                  | reduces your foes' accuracy. (Stealth+) [Jiyva's grace]
 20805 | D:15     | Gained mutation: Your body has grown eyes which may confuse
                  | attackers. (Acc +3) [Jiyva's grace]
 21318 | D:15     | Found a staircase to the Depths.
 21503 | Orc:1    | Entered Level 1 of the Orcish Mines
 21503 | Orc:1    | Noticed Snorg
 21515 | Orc:1    | Killed Snorg
 21516 | Orc:1    | Reached skill level 1 in Translocations
 21694 | Orc:1    | Found Ycejer's Book Shop.
 21887 | Orc:2    | Entered Level 2 of the Orcish Mines
 21967 | Orc:2    | Noticed Nessos
 21969 | Orc:2    | Found Poh Sirr's Jewellery Boutique.
 21978 | Orc:2    | Mangled by an orc knight

Illustrated notes

Levels and vault maps discovered:
D:1:      dpeg_arrival_pits, layout_loops_cross
D:2:      kennysheep_big_flooded_room, layout_rooms, uniq_crazy_yiuf_cottage
D:3:      layout_basic, uniq_terence, uniq_ijyb
D:4:      layout_rooms, mainiacjoe_overflow_boulevard, cheibriados_altar_1,
          gup_ossuary_entry_pyramid
D:5:      layout_basic, ebering_ghost_gozag
D:6:      layout_rooms, grunt_temple_overflow_holy_war, marbit_many_paths,
          minmay_temple_entry_junction, roadster_capsule_ark_zombie, uniq_edmund
D:7:      layout_layer_cave, chequers_hall_statues_wall_a, st_stairs_9,
          minmay_small_thing
D:8:      layout_loops_ring, enter_bailey_3
D:9:      minmay_spotlight, layout_long_grid, nicolae_elyvilon_peaceful_grove,
          hiddenorc1_lemuel, uniq_prince_ribbit1
D:10:     layout_basic, lemuel_tele_altar, minmay_lair_entry_grove,
          minmay_rotating_lava
D:11:     layout_rooms, minivault_24
D:12:     layout_layer_cave
D:13:     layout_basic, nicolae_trove_entry_crystal, uniq_urug
D:14:     layout_loops_corners, hellmonk_vaults_attempted_burglary,
          serial_park_paths [serial_park_minivault_5x5_6], serial_shops,
          nicolae_take_the_stairs, kennysheep_vampire_church
D:15:     hangedman_depths_entry_try_elsewhere_first, layout_loops_corners,
          dreamdust_wishing_well
Temple:   eino_wide_crystal_templ
Lair:1:   layout_small_grid, nicolae_volcano_entry_vermiform, uniq_grum
Lair:2:   layout_loops_ring
Lair:3:   layout_cave_pods, minmay_shoals_entry_centaurs,
          guppyfry_snake_entry_garden, gauntlet_entry_generic,
          eino_small_chamber_without_monster, minmay_lair_oklob_bushes,
          chequers_serial_rivers_room_b, kennysheep_abandoned_house
Lair:4:   layout_cave_pods, slime_entry_1
Lair:5:   due_jungle_book, layout_regular_city
Orc:1:    layout_caves, serial_shops, shop, blackcustard_rock_pile, uniq_snorg
Orc:2:    grunt_orc_gardens, layout_caves, grunt_orc_garden, grunt_orc_garden,
          grunt_orc_garden, grunt_orc_garden, uniq_nessos

Skill      XL: |  1  2  3  4  5  6  7  8  9 10 11 12 13 14 15 |
---------------+----------------------------------------------+-----
Unarmed Combat | 3 4 5 6 8 9 11 13 14 15 17 | 17.7
Shapeshifting  | 3 4 5 6 7 8 10 12 | 12.8
Fighting       | 2 3 4 5 6 7 8 |  8.8
Dodging        | 3 4 6 8 |  8.0
Spellcasting   | 1 3 5 |  5.6
Evocations     | 1 4 |  4.0
Translocations | 1 |  1.6

Action                     |  1- 3 |  4- 6 |  7- 9 | 10-12 | 13-15 || total
---------------------------+-------+-------+-------+-------+-------++-------
  Melee: Unarmed           |    94 |   158 |   445 |   556 |   657 ||  1910
         Punch             |     6 |     4 |    28 |    53 |    84 ||   175
         Tailslap          |       |    13 |    79 |    96 |   103 ||   291
         Headbutt          |       |       |       |       |   116 ||   116
         Pseudopods        |       |       |       |       |    83 ||    83
  Throw: Throwing net      |       |     3 |       |       |       ||     3
         Dart              |       |       |       |     5 |       ||     5
  Evoke: Wand              |       |       |       |    11 |       ||    11
         Condenser vane    |       |       |       |     2 |       ||     2
    Use: Potion            |       |     1 |     3 |     9 |     5 ||    18
         Scroll            |       |     6 |     6 |    12 |     3 ||    27
   Stab: Sleeping          |     2 |     1 |     3 |       |       ||     6
         Held in net/web   |       |     1 |       |       |       ||     1
         Distracted        |       |       |     1 |       |       ||     1
         Confused          |       |       |       |     2 |       ||     2
         Invisible         |       |       |       |     1 |       ||     1
 Armour: Animal skin       |    42 |    78 |   227 |   121 |       ||   468
         Skin              |       |       |       |     4 |       ||     4
         Troll leather arm |       |       |       |   163 |   477 ||   640
  Dodge: Dodged            |    64 |    81 |   252 |   281 |   442 ||  1120
